 Dungeon Crawl Stone Soup version 0.21.1-1-g345015f (webtiles) character file.

5446 troglodite the Slasher (level 10, -5/115 HPs)
             Began as a Demonspawn Berserker on Mar 15, 2018.
             Was a High Priest of Trog.
             Slain by a red ugly thing (17 damage)
             ... on level 8 of the Dungeon.
             The game lasted 00:29:01 (7019 turns).

troglodite the Slasher (Demonspawn Berserker)       Turns: 7019, Time: 00:29:02

Health: -5/115     AC: 17    Str: 26    XL:     10   Next: 41%
Magic:  10/10      EV:  9    Int: 11    God:    Trog [*****.]
Gold:   597        SH: 21    Dex: 11    Spells: 9/9 levels left

rFire    . . .     SeeInvis .   a - +0 falchion
rCold    . . .     Gourm    .   i - +0 large shield
rNeg     + . .     Faith    .   B - +6 scale mail of the Hidden Queens {rElec rN+ Str+3 Dex-5}
rPois    .         Spirit   .   d - +0 helmet
rElec    +         Reflect  .   r - +1 cloak
rCorr    .         Harm     .   (no gloves)
MR       .....                  (no boots)
Stlth    ..........             w - amulet of regeneration
HPRegen  0.69/turn              (no ring)
MPRegen  0.12/turn              q - +3 ring of intelligence

@: berserking, very quick
A: hooves 1, large bone plates 1, nightstalker 1
a: Berserk, Trog's Hand, Brothers in Arms, Burn Spellbooks, Renounce Religion


You were on level 8 of the Dungeon.
You worshipped Trog.
Trog was extremely pleased with you.
You were very hungry.

You visited 1 branch of the dungeon, and saw 8 of its levels.

You collected 597 gold pieces.

Inventory:

Hand Weapons
 a - a +0 falchion (weapon)
Armour
 d - a +0 helmet (worn)
 i - a +0 large shield (worn)
 j - a +0 chain mail of cold resistance
 l - a scarf of cloud immunity
 r - a +1 cloak (worn)
 B - the +6 scale mail of the Hidden Queens (worn) {rElec rN+ Str+3 Dex-5}
   (You found it on level 6 of the Dungeon)

   It affects your strength (+3).
   It affects your dexterity (-5).
   It insulates you from electricity.
   It protects you from negative energy.
Jewellery
 q - a +3 ring of intelligence (right hand)
 w - an amulet of regeneration (around neck)
 E - the ring of Vuivvu {rPois rN+ Str-2 SInv Stlth+, unknown}
   (You found it on level 7 of the Dungeon)

   [ring of positive energy]

   It affects your strength (-2).
   It protects you from poison.
   It protects you from negative energy.
   It lets you see invisible.
   It makes you more stealthy.
 F - an uncursed amulet of harm {unknown}
Wands
 k - a wand of polymorph (5)
 u - a wand of acid (6)
 z - a wand of scattershot (5)
Scrolls
 f - a scroll of fog {unknown}
 h - a scroll of enchant armour
 m - 5 scrolls of teleportation
 o - a scroll of immolation {unknown}
 s - 6 scrolls of identify
 v - a scroll of magic mapping {unknown}
 x - a scroll of amnesia {unknown}
 y - 3 scrolls of remove curse
 C - a scroll of blinking {unknown}
 G - a scroll of enchant weapon {unknown}
Potions
 b - 7 potions of curing
 e - a potion of ambrosia
 g - a potion of flight {unknown}
 n - 2 potions of heal wounds
 p - 2 potions of lignification
 t - a potion of agility
 A - a potion of brilliance {unknown}
Comestibles
 c - 14 rations
 D - a chunk of flesh


   Skills:
 * Level 6.8 Fighting
 + Level 7.1 Long Blades
 * Level 6.9 Armour
 * Level 5.2 Dodging
 * Level 2.5 Stealth
 * Level 7.1 Shields
 + Level 0.8 Unarmed Combat


You had 9 spell levels left.
You didn't know any spells.

Dungeon Overview and Level Annotations

Branches:
Dungeon (8/15)             Temple (0/1) D:4
   Lair: D:8-11

Altars:
Gozag
Hepliaklqana
Qazlal
Sif Muna
Vehumet

Shops:
D:4 *

Annotations:
D:8 Erica


Innate Abilities, Weirdness & Mutations

You have large cloven feet.
You are partially covered in large bone plates. (SH +4)
You are slightly more attuned to the shadows.


Message History

The red ugly thing punches you but does no damage.
You barely miss the red ugly thing. Your kick misses the red ugly thing.
The red ugly thing is severely wounded.
The red ugly thing barely misses you.
You riposte.
You hit the red ugly thing.
The red ugly thing is severely wounded.
You barely miss the red ugly thing.
The red ugly thing is severely wounded.
You block the red ugly thing's attack.
You hit the red ugly thing. Your kick misses the red ugly thing.
The red ugly thing is almost dead.
The red ugly thing barely misses you. The red ugly thing punches you.
You are engulfed in flames!
* * * LOW HITPOINT WARNING * * *
A red film seems to cover your vision as you go berserk!
You feel yourself moving faster!
You feel mighty!
You are feeling very hungry.
The red ugly thing punches you!
* * * LOW HITPOINT WARNING * * *
You are engulfed in flames!
You die...

################# # #
############## #
#............ #######
#......## ......#
#.......# ....).#
##.......#
......#..>........#.###
......#.........@u....[
......#.............###
...##.#....####+#...#
...##.#.... #.>.#
...##.#.### #...#
...##.#.####### #...#
...##.......... #...#
########.########...#
###.#..(...#.#.#


You could see a red ugly thing.

Vanquished Creatures
  Pikel (D:7)
  Joseph (D:7)
  The ghost of RudyRod the Skirmisher, an amateur NaFi (D:3)
  Prince Ribbit (D:5)
  A spriggan (D:7)
  Sigmund (D:5)
  6 yaks (D:6)
  A hungry ghost (D:7)
  The ghost of dscm the Grave Robber, an amateur DsNe (D:5)
  4 orc warriors
  A sky beast (D:7)
  2 slaves (D:7)
  2 phantoms
  A black bear (D:8)
  2 centaurs (D:5)
  4 ogres
  A wyvern zombie (D:7)
  2 water moccasin skeletons
  A wyvern skeleton (D:7)
  5 wights (D:6)
  2 howler monkeys
  A centaur zombie (D:7)
  A crimson imp (D:5)
  A quasit (D:5)
  7 orc priests
  4 hounds (D:7)
  3 jellies
  6 orc wizards
  Crazy Yiuf (D:2)
  Ijyb (D:5)
  Terence (D:2)
  3 worker ants
  A hound skeleton (D:5)
  A hound zombie (D:7)
  7 gnolls (D:4)
  14 adders
  3 oozes
  An adder skeleton (D:4)
  5 worms
  2 dart slugs
  5 leopard geckos
  23 orcs
  2 giant cockroaches (D:2)
  7 goblins
  11 hobgoblins
  13 jackals
  8 kobolds
  7 quokkas
  A ball python (D:3)
  3 bats
  A frilled lizard (D:4)
  A jackal skeleton (D:4)
  A leopard gecko zombie (D:7)
  6 rats
  A fungus (D:2)
194 creatures vanquished.

Vanquished Creatures (others)
  A crimson imp (D:7)
  An adder (D:7)
2 creatures vanquished.

Grand Total: 196 creatures vanquished

Notes
Turn   | Place    | Note
-------+----------+-------------------------------------------
     0 | D:1      | troglodite the Demonspawn Berserker began the quest for the Orb.
     0 | D:1      | Reached XP level 1. HP: 18/18 MP: 1/1
   281 | D:1      | Gained mutation: You are partially covered in large bone plates. (SH +4) [demonic ancestry]
   281 | D:1      | Reached XP level 2. HP: 21/24 MP: 2/2
   929 | D:2      | Reached XP level 3. HP: 26/29 MP: 3/3
  1090 | D:2      | Reached XP level 4. HP: 27/36 MP: 4/4
  1096 | D:2      | Found a stormy altar of Qazlal.
  1127 | D:2      | Noticed Terence
  1130 | D:2      | Reached ** piety under Trog
  1138 | D:2      | Killed Terence
  1138 | D:2      | Reached skill level 1 in Shields
  2039 | D:2      | Found a runed door.
  2044 | D:2      | Noticed Crazy Yiuf
  2050 | D:2      | Killed Crazy Yiuf
  2050 | D:2      | Reached XP level 5. HP: 42/42 MP: 5/5
  2419 | D:3      | Found an opulent altar of Gozag.
  2464 | D:3      | Noticed RudyRod's ghost (amateur NaFi)
  2480 | D:3      | Killed RudyRod's ghost
  2480 | D:3      | Gained mutation: You have large cloven feet. [demonic ancestry]
  2480 | D:3      | Reached XP level 6. HP: 48/48 MP: 6/6
  3062 | D:4      | Reached *** piety under Trog
  3116 | D:4      | Reached XP level 7. HP: 53/55 MP: 7/7
  3397 | D:4      | Found Jouhees's Assorted Antiques.
  3434 | D:4      | Found a staircase to the Ecumenical Temple.
  3590 | D:4      | Found a deep blue altar of Sif Muna.
  3692 | D:5      | Entered Level 5 of the Dungeon
  3707 | D:5      | Found a radiant altar of Vehumet.
  3711 | D:5      | Noticed Prince Ribbit
  3718 | D:5      | Killed Prince Ribbit
  3718 | D:5      | Reached skill level 5 in Long Blades
  3722 | D:5      | Reached XP level 8. HP: 34/61 MP: 8/8
  3825 | D:5      | Noticed Sigmund
  3834 | D:5      | Killed Sigmund
  3872 | D:5      | Reached skill level 5 in Fighting
  3963 | D:5      | Found a hazy altar of Hepliaklqana.
  3983 | D:5      | Noticed Ijyb
  4026 | D:5      | Killed Ijyb
  4380 | D:5      | Reached skill level 5 in Armour
  4502 | D:5      | Noticed dscm's ghost (amateur DsNe)
  4512 | D:5      | Killed dscm's ghost
  4723 | D:6      | Got a smoking ring mail
  4734 | D:6      | Identified the cursed +0 ring mail of Analysis {-Tele +Inv Regen+ Str+4} (You found it on level 6 of the Dungeon)
  4754 | D:6      | Gained mutation: You are slightly more attuned to the shadows. [demonic ancestry]
  4754 | D:6      | Reached XP level 9. HP: 69/69 MP: 9/9
  4765 | D:6      | Reached skill level 5 in Shields
  4775 | D:6      | Reached **** piety under Trog
  4964 | D:6      | Got a crude scale mail
  4976 | D:6      | Identified the +6 scale mail of the Hidden Queens {rElec rN+ Str+3 Dex-5} (You found it on level 6 of the Dungeon)
  5801 | D:7      | Reached skill level 1 in Stealth
  5839 | D:7      | Noticed Pikel
  5867 | D:7      | Killed Pikel
  5906 | D:7      | Reached XP level 10. HP: 72/77 MP: 10/10
  5978 | D:7      | Got a clouded platinum ring
  6317 | D:7      | Reached skill level 5 in Dodging
  6474 | D:7      | Reached ***** piety under Trog
  6475 | D:7      | Noticed Joseph
  6493 | D:7      | Killed Joseph
  6994 | D:8      | Noticed Erica
  7004 | D:8      | Noticed a red ugly thing
  7019 | D:8      | Slain by a red ugly thing

Skill      XL: |  1  2  3  4  5  6  7  8  9 10 |
---------------+-------------------------------+-----
Long Blades    | 3 4 5 6 7 |  7.1
Dodging        | 2 3 4 5 |  5.2
Armour         | 2 3 4 5 6 |  6.9
Shields        | 1 2 3 4 6 7 |  7.1
Fighting       | 4 5 6 |  6.8
Stealth        | 1 2 |  2.5
Unarmed Combat | |  0.8

Action                   |  1- 3 |  4- 6 |  7- 9 | 10-12 || total
-------------------------+-------+-------+-------+-------++-------
Melee: Falchion          |   105 |   194 |   372 |   231 ||   902
       Kick              |       |    20 |   145 |    78 ||   243
       Unarmed           |       |       |    12 |       ||    12
Invok: Berserk           |     1 |     3 |    13 |     4 ||    21
       Burn Spellbooks   |       |       |     2 |     1 ||     3
  Use: Scroll            |       |     5 |     5 |       ||    10
  Eat: Chunk             |     2 |     6 |    20 |     7 ||    35
       Ration            |       |     1 |     3 |       ||     4
Armor: Chain mail        |    53 |    99 |   107 |       ||   259
       Animal skin       |     1 |       |       |       ||     1
       Ring mail         |       |       |     7 |       ||     7
       Skin              |       |       |     4 |       ||     4
       Scale mail        |       |       |    77 |    53 ||   130
Dodge: Dodged            |    43 |    58 |   131 |    27 ||   259
Block: Buckler           |    36 |    62 |   128 |       ||   226
       Large shield      |       |       |   137 |   178 ||   315
       Rpst.: Falchion   |    15 |    17 |    43 |     9 ||    84
